 Dungeon Crawl Stone Soup version 0.28.0-43-g3370ac3207 (webtiles) character file.

Game seed: 13787744032678027230

2782 terff the Twirler (level 10, -7/79 HPs)
             Began as a Human Fighter on Mar 30, 2022.
             Was a Believer of Okawaru.
             Killed from afar by an acid dragon (10 damage)
             ... with a splash of acid
             ... on level 7 of the Dungeon.
             The game lasted 00:19:01 (8733 turns).

terff the Twirler (Human Fighter)                   Turns: 8733, Time: 00:19:04

Health: -7/79      AC: 11    Str: 19    XL:     10   Next: 1%
Magic:  10/10      EV: 14    Int:  9    God:    Okawaru [**....]
Gold:   312        SH:  0    Dex: 20    Spells: 9/9 levels left

rFire   . . .      SeeInvis .   d - +2 quarterstaff (flame)
rCold   . . .      Faith    .   (shield currently unavailable)
rNeg    . . .      Spirit   .   q - +0 steam dragon scales
rPois   .          Reflect  .   g - +0 helmet
rElec   .          Harm     .   e - +1 cloak {Stlth+}
rCorr   +          Rampage  .   f - +0 pair of gloves
Will    .....                   (no boots)
Stlth   +++.......              (no amulet)
HPRegen 0.23/turn               B - ring of resist corrosion
MPRegen 0.12/turn               j - +6 ring of dexterity

@: marked
A: talons 1, passive freeze
a: Renounce Religion, Heroism


You were on level 7 of the Dungeon.
You worshipped Okawaru.
Okawaru was pleased with you.
You visited 2 branches of the dungeon, and saw 8 of its levels.

You collected 312 gold pieces.

Inventory:

Hand Weapons
 d - a +2 quarterstaff of flaming (weapon)
 k - a +1 whip of pain
Missiles
 r - 3 poisoned darts
 x - 2 throwing nets (quivered)
Armour
 b - a +0 scale mail
 c - a +0 buckler
 e - a +1 cloak of stealth (worn)
 f - a +0 pair of gloves (worn)
 g - a +0 helmet (worn)
 q - +0 steam dragon scales (worn)
Magical Staves
 l - a staff of death
Jewellery
 i - a ring of wizardry
 j - a +6 ring of dexterity (right hand)
 m - a ring of willpower
 p - a ring of flight
 B - a ring of resist corrosion (left hand)
Wands
 A - a wand of digging (3)
Scrolls
 o - 2 scrolls of vulnerability
 u - 2 scrolls of identify
 v - 2 scrolls of silence
 w - 3 scrolls of amnesia
Potions
 a - a potion of might
 h - a potion of degeneration
 t - a potion of curing
 z - a potion of heal wounds {unknown}


   Skills:
 * Level 7.0 Fighting
 + Level 3.1(5.8) Maces & Flails
 + Level 7.7(8.0) Staves
 + Level 7.0 Armour
 + Level 3.3 Dodging
 + Level 2.2 Stealth
 + Level 3.4 Shields


You had 9 spell levels left.
You didn't know any spells.
Your spell library contained the following spells:

 Spells                   Type           Power      Damage    Failure   Level
 Corpse Rot               Necr/Air       0%         N/A       52%         2
 Poisonous Vapours        Pois/Air       0%         N/A       52%         2


Dungeon Overview and Level Annotations

Branches:
Dungeon (7/15)             Temple (1/1) D:6

Altars:
Elyvilon
Fedhas
Kikubaaqudgha
Makhleb
Okawaru
Sif Muna
Trog
Uskayaw
Vehumet
Yredelemnul

Shops:
D:2 [   D:4 =*   D:7 *

Annotations:
D:7 exclusion: statue, Harold


Innate Abilities, Weirdness & Mutations

You have sharp toenails.
A frigid envelope surrounds you and freezes all who hurt you.


Message History

You sock Harold! You burn Harold.
Harold is lightly wounded.
Harold hits you with a +3 vampiric war axe!!
Harold draws strength from your wounds! Harold fires a harpoon shot at you.
The harpoon shot misses you. What are your orders? t - Shout!
Orders for allies: a - Attack new target. r - Retreat! s - Stop attacking. g - Guard the area. f - Follow me.
Anything else - Cancel.
Okay, then.
Harold throws a throwing net.
The throwing net hits you.
You become entangled in the net!
You see here a throwing net.
You tear a large gash into the net.
Harold says, "Listen, it's nothing personal.
It's just a job."
You shred the net and break free! Harold fires a harpoon shot at you.
The harpoon shot hits you!
You are yanked forward by the harpoon shot.
You thump Harold! You burn Harold.
Harold is moderately wounded.
Harold hits you with a +3 vampiric war axe!
* * * LOW HITPOINT WARNING * * *
You hit Harold. You burn Harold.
Harold is moderately wounded.
Harold asks, "Do you mind if I name my boat the 'terff'?
Your head will be paying for it, after all."
Harold hits you with a +3 vampiric war axe!
* * * LOW HITPOINT WARNING * * *
Harold draws strength from your wounds!
It was a potion of mutation.
You feel extremely strange.
Your toenails lengthen and sharpen.
Your skin feels very cold.
Harold hits you with a +3 vampiric war axe.
* * * LOW HITPOINT WARNING * * *
Harold draws strength from your wounds! The acid dragon spits acid at you.
The splash of acid hits you! You resist.
You die...

****#### ####***,,,...######
######* #..,,,,,,,.$(......
#.....## #.#*#######........
#.....$###.#,......#..,.....
#.........(#,8._..(..#,.....
#..........#,,,,,,,#.#######
#..........#########.##...).
#.........@@................
#.....#.....................
*****#.......##D######....##.....
*,,,.........##.......รท...#..##..
*,,,.......#.###..#########.#...#
*,,,..............#########...###
*,,,......$......................
*,,,,,.................(.....####
*,,,,,,,*,..#.######.............


You could see Harold and an acid dragon (catching breath).

Vanquished Creatures
  Pikel (D:7)
  2 steam dragons
  3 water moccasins
  An ice beast (D:7)
  A sky beast (D:6)
  A necrophage (D:6)
  An orc warrior (D:6)
  A phantom (D:7)
  Blork the orc (D:4)
  2 bullfrogs (D:7)
  A kobold brigand (D:7)
  5 scorpions
  2 water moccasin zombies
  A wyvern skeleton (D:7)
  A bullfrog zombie (D:5)
  A hound (D:5)
  2 jellies
  Terence (D:2)
  4 iguanas
  Crazy Yiuf (D:2)
  3 killer bee zombies
  Robin (D:3)
  7 gnolls
  8 adders
  A howler monkey skeleton (D:4)
  A white imp (D:6)
  2 ufetubi (D:6)
  2 worms
  18 orcs
  4 ball pythons
  3 endoplasms
  2 giant cockroaches (D:1)
  20 goblins
  9 hobgoblins
  6 jackals
  10 kobolds
  2 quokkas (D:2)
  8 bats
  5 frilled lizards
  6 rats
151 creatures vanquished.

Notes
Turn   | Place    | Note
-------+----------+-------------------------------------------
     0 | D:1      | terff the Human Fighter began the quest for the Orb.
     0 | D:1      | Reached XP level 1. HP: 18/18 MP: 1/1
   396 | D:1      | Reached XP level 2. HP: 19/24 MP: 2/2
  1188 | D:1      | Reached XP level 3. HP: 29/29 MP: 3/3
  1690 | D:2      | Reached skill level 1 in Dodging
  1750 | D:2      | Found a runed translucent door.
  1751 | D:2      | Noticed Crazy Yiuf
  1810 | D:2      | Killed Crazy Yiuf
  1811 | D:2      | Reached XP level 4. HP: 13/35 MP: 1/4
  2199 | D:2      | Noticed Terence
  2215 | D:2      | Killed Terence
  2216 | D:2      | Reached XP level 5. HP: 35/41 MP: 5/5
  2379 | D:2      | Found Rolel's Armour Boutique.
  2661 | D:2      | Reached skill level 1 in Staves
  3279 | D:3      | Noticed Robin
  3287 | D:3      | Reached XP level 6. HP: 47/47 MP: 6/6
  3296 | D:3      | Killed Robin
  3343 | D:3      | Found a faded altar of an unknown god.
  3539 | D:4      | Found Totitt's Serpentskin Sales.
  3539 | D:4      | Noticed a water moccasin
  3541 | D:4      | Killed a water moccasin
  3722 | D:4      | Reached XP level 7. HP: 41/53 MP: 7/7
  3962 | D:4      | Noticed Blork the orc
  3974 | D:4      | Killed Blork the orc
  4093 | D:4      | Found Syweococh's Jewellery Boutique.
  4398 | D:4      | Reached skill level 1 in Stealth
  4568 | D:5      | Entered Level 5 of the Dungeon
  5007 | D:5      | Reached XP level 8. HP: 52/61 MP: 8/8
  5227 | D:5      | Reached skill level 5 in Armour
  5232 | D:5      | Reached skill level 5 in Staves
  6123 | D:6      | Found a staircase to the Ecumenical Temple.
  6391 | D:6      | Reached skill level 5 in Fighting
  6800 | Temple   | Entered the Ecumenical Temple
  6877 | Temple   | Became a worshipper of Warmaster Okawaru
  6952 | D:6      | Noticed a two-headed ogre
  6987 | D:6      | Reached XP level 9. HP: 68/68 MP: 9/9
  7492 | D:7      | Noticed Pikel
  7812 | D:7      | Killed Pikel
  7812 | D:7      | Reached * piety under Okawaru
  7826 | D:7      | Found Qugew's General Store.
  8491 | D:6      | Reached ** piety under Okawaru
  8625 | D:7      | Found a radiant altar of Vehumet.
  8679 | D:7      | Reached XP level 10. HP: 79/79 MP: 10/10
  8703 | D:7      | Noticed Harold
  8733 | D:7      | Gained mutation: You have sharp toenails. [potion of
                  | mutation]
  8733 | D:7      | Gained mutation: A frigid envelope surrounds you and
                  | freezes all who hurt you. [potion of mutation]
  8733 | D:7      | HP: 3/79 [Harold/+3 vampiric war axe (3)]
  8733 | D:7      | Killed from afar by an acid dragon

Illustrated notes

Levels and vault maps discovered:
D:1:      grunt_arrival_lava_bath, layout_basic, hex_intersection,
          minmay_3d_cube
D:2:      layout_basic, serial_shops, shop, uniq_terence,
          uniq_crazy_yiuf_cottage
D:3:      layout_rooms, basic_ecumenical_altar, uniq_robin
D:4:      layout_basic, serial_shops, nicolae_shop_crystal, guppyfry_shop_venom,
          uniq_blork_the_orc
D:5:      layout_basic
D:6:      layout_basic, minmay_temple_entry_offerings
D:7:      layout_rooms, vehumet_statue, serial_shops, shop, uniq_harold,
          uniq_pikel
Temple:   dpeg_five_rooms_temple

Skill      XL: |  1  2  3  4  5  6  7  8  9 |
---------------+----------------------------+-----
Dodging        | 1 2 3 |  3.3
Maces & Flails | 3 |  3.1
Staves         | 1 3 4 5 7 |  7.7
Armour         | 4 5 7 |  7.0
Fighting       | 4 5 7 |  7.0
Stealth        | 1 2 |  2.2
Shields        | |  3.4

Action                   |  1- 3 |  4- 6 |  7- 9 | 10-12 || total
-------------------------+-------+-------+-------+-------++-------
Melee: Flail             |   122 |       |       |       ||   122
       Whip              |    15 |       |       |       ||    15
       Quarterstaff      |       |   143 |   262 |     5 ||   410
  Use: Scroll            |     2 |     4 |     6 |       ||    12
       Potion            |     2 |       |     1 |     1 ||     4
 Stab: Confused          |       |     1 |       |       ||     1
       Sleeping          |       |     1 |     2 |       ||     3
Armor: Scale mail        |    91 |   104 |    90 |       ||   285
       Steam dragon scal |       |       |     7 |       ||     7
Dodge: Dodged            |    71 |   117 |   145 |     5 ||   338
Block: Buckler           |    41 |       |       |       ||    41
